 Dungeon Crawl Stone Soup version 0.28.0-53-g5a82cb258f (webtiles) character file.

Game seed: 7373847327076821495

111 Peloso the Skirmisher (level 4, 0/41 HPs)
             Began as a Minotaur Fighter on June 24, 2022.
             Slain by Natasha (2 damage)
             ... on level 2 of the Dungeon.
             The game lasted 00:02:34 (1289 turns).

Peloso the Skirmisher (Minotaur Fighter)            Turns: 1289, Time: 00:02:35

Health: 0/41       AC: 18    Str: 21    XL:     4   Next: 62%
Magic:  3/3        EV:  6    Int:  5    God:
Gold:   63         SH:  4    Dex: 11    Spells: 3/3 levels left

rFire   . . .      SeeInvis .   a - +0 long sword (protect)
rCold   . . .      Faith    .   c - +0 buckler
rNeg    . . .      Spirit   .   h - +0 plate armour
rPois   .          Reflect  .   (helmet restricted)
rElec   .          Harm     .   (no cloak)
rCorr   .          Rampage  .   (no gloves)
Will    .....                   (no boots)
Stlth   ..........              (no amulet)
HPRegen 0.13/turn               (no ring)
MPRegen 0.08/turn               (no ring)

@: under a protective aura
A: horns 2, retaliatory headbutt
a: no special abilities


You were on level 2 of the Dungeon.
You visited 1 branch of the dungeon, and saw 2 of its levels.

You collected 63 gold pieces.

Inventory:

Hand Weapons
 a - a +0 long sword of protection (weapon)
Armour
 b - a +0 scale mail
 c - a +0 buckler (worn)
 e - the +2 leather armour "Zuotudin" {rC+}
   (You found it on level 2 of the Dungeon)

   rC:        It protects you from cold.
 h - a +0 plate armour (worn)
Scrolls
 f - a scroll of identify
Potions
 d - a potion of might
 g - 2 potions of invisibility {unknown}
 i - 2 potions of mutation {unknown}
 j - 2 potions of curing {unknown}
 l - a potion of haste {unknown}


   Skills:
 + Level 4.4 Fighting
 + Level 4.0 Long Blades
 + Level 4.3 Armour
 + Level 1.3 Dodging
 + Level 4.0 Shields


You had 3 spell levels left.
You didn't know any spells.
Your spell library was empty.

Dungeon Overview and Level Annotations

Branches:
Dungeon (2/15)

Altars:
Vehumet

Annotations:
D:2 Natasha


Innate Abilities, Weirdness & Mutations

You have a pair of horns on your head.
You reflexively headbutt those who attack you in melee.


Message History

You slash the worm!
You kill the worm!
You see here a worm corpse.
Things that are here:
the felid corpse of Natasha; an adder corpse You see here a +0 plate armour.
h - a +0 plate armour You start removing your armour.
You continue taking off your +0 scale mail. x4
You finish taking off your +0 scale mail.
You start putting on your armour.
You continue putting on your +0 plate armour. x5
You finish putting on your +0 plate armour.
Okay, then.
Natasha stares at you and mumbles some strange words.
The magic dart hits you.
* * * LOW HITPOINT WARNING * * *
Natasha barely misses you.
You barely miss Natasha. Natasha claws you but does no damage.
You barely miss Natasha. Your headbutt misses Natasha. Natasha claws you.
* * * LOW HITPOINT WARNING * * *
You barely miss Natasha. Natasha claws you.
* * * LOW HITPOINT WARNING * * *
You closely miss Natasha.
Natasha mumbles some strange words.
Natasha's front paws start to glow.
Natasha barely misses you. Natasha claws you.
* * * LOW HITPOINT WARNING * * *
You completely miss Natasha. Natasha claws you but does no damage.
You hit Natasha but do no damage.
Your weapon exudes an aura of protection.
You block Natasha's attack.
You closely miss Natasha. Natasha claws you but does no damage.
You hit Natasha. Your headbutt misses Natasha.
Natasha is lightly wounded.
Natasha closely misses you. Natasha barely misses you.
You closely miss Natasha.
Natasha is lightly wounded.
Natasha claws you.
You die...

#. ..# #.# #.# #.# .# ## #.##
##.###... ####..#### #.........
#........####### #..........
###...........@###..........###
###........(.h...............
#.###....†.................
#.####.......†.............
#...##.....................
##..#..#######.†...........
########....#### #>..........##
#................................
.................................


You could see Natasha.

Vanquished Creatures
  Natasha (twice) (D:2)
  An adder (D:2)
  A worm (D:2)
  A dart slug (D:2)
  2 bats
  5 endoplasms
  5 giant cockroaches
  4 goblins
  4 hobgoblins
  6 kobolds
  3 quokkas
  4 ball pythons
  A frilled lizard (D:1)
  3 rats
42 creatures vanquished.

Notes
Turn   | Place    | Note
-------+----------+-------------------------------------------
     0 | D:1      | Peloso the Minotaur Fighter began the quest for the Orb.
     0 | D:1      | Reached XP level 1. HP: 19/19 MP: 0/0
   144 | D:1      | Reached XP level 2. HP: 27/27 MP: 1/1
   258 | D:1      | Found a faded altar of an unknown god.
   808 | D:2      | Found a radiant altar of Vehumet.
   818 | D:2      | Reached XP level 3. HP: 33/33 MP: 2/2
   822 | D:2      | Identified the +2 leather armour "Zuotudin" {rC+}
  1203 | D:2      | Noticed Natasha
  1208 | D:2      | Killed Natasha
  1209 | D:2      | Reached skill level 1 in Dodging
  1209 | D:2      | Reached XP level 4. HP: 40/41 MP: 3/3
  1243 | D:2      | Noticed Natasha
  1252 | D:2      | Killed Natasha
  1276 | D:2      | Noticed Natasha
  1284 | D:2      | HP: 1/41 [Natasha (5)]
  1289 | D:2      | Slain by Natasha

Illustrated notes

Levels and vault maps discovered:
D:1:      giann_bridges, layout_loops_cross, basic_ecumenical_altar,
          grunt_decor_fettered
D:2:      layout_rooms, basic_altar, uniq_natasha

Skill      XL: |  1  2  3  4 |
---------------+-------------+-----
Fighting       | 4 |  4.4
Armour         | 4 |  4.3
Long Blades    | 3 4 |  4.0
Dodging        | 1 |  1.3
Shields        | 4 |  4.0

Action                   |  1- 3 |  4- 6 || total
-------------------------+-------+-------++-------
Melee: Long sword        |    75 |    23 ||    98
       Headbutt          |     9 |     4 ||    13
  Use: Scroll            |     2 |       ||     2
Armor: Scale mail        |    63 |     8 ||    71
       Plate armour      |       |     3 ||     3
Dodge: Dodged            |    34 |    12 ||    46
Block: Buckler           |    19 |     1 ||    20
